PL
PHOENIX HOTSPUR @ D.C. DIVIDED
07/26/2031
 
TOP OF THE 1ST
Phoenix Hotspur batting - Pitching for D.C. Divided : LHP Bill Oulton
Pitching: LHP Bill Oulton
Batting: RHB Kyle Bywaters 0-0: Ball
1-0: Ball
2-0: Called Strike
2-1: SINGLE (Groundball, 56D)
Batting: LHB Francisco García 0-0: Ground out 3-1 (Groundball, 3)
Kyle Bywaters to second
Batting: RHB Randy Rehling 0-0: Ball
1-0: Ball
2-0: Fly out, F7 (Flyball, 7S)
Batting: LHB Tadayoshi Watanabe 0-0: Ball
1-0: Foul Ball, location: 2F
1-1: SINGLE (Groundball, 3) (infield hit)
Kyle Bywaters to third
Batting: LHB Harumi Takaki 0-0: Swinging Strike
0-1: Ground out U3 (Groundball, 34)
Top of the 1st over - 0 runs, 2 hits, 0 errors, 2 left on base; Phoenix 0 - D.C. 0
BOTTOM OF THE 1ST
D.C. Divided batting - Pitching for Phoenix Hotspur : LHP Wes Hamm
Pitching: LHP Wes Hamm
Batting: RHB Roberto Maestas 0-0: Called Strike
0-1: Ball
1-1: Swinging Strike
1-2: Strikes out swinging
Batting: RHB Arturo Rodríguez 0-0: Ball
1-0: Called Strike
1-1: SINGLE (Groundball, 56S) (infield hit)
Batting: RHB Wilbur Davis 0-0: Called Strike
0-1: Fly out, F4 (Popup, 34)
Batting: LHB Obidiah Lewis 0-0: Fly out, F6 (Flyball, 56D)
Bottom of the 1st over - 0 runs, 1 hit, 0 errors, 1 left on base; Phoenix 0 - D.C. 0
TOP OF THE 2ND
Phoenix Hotspur batting - Pitching for D.C. Divided : LHP Bill Oulton
Batting: RHB Roland Deschain 0-0: Called Strike
0-1: Ball
1-1: Ball
2-1: Ground out 6-3 (Groundball, 6)
Batting: LHB Wagaw Lukongolo 0-0: Called Strike
0-1: Foul Ball, location: 2F
0-2: Foul Ball, location: 2F
0-2: Ball
1-2: Strikes out swinging
Batting: RHB Julián De Paz 0-0: Called Strike
0-1: Foul Ball, location: 2F
0-2: Strikes out swinging
Top of the 2nd over - 0 runs, 0 hits, 0 errors, 0 left on base; Phoenix 0 - D.C. 0
BOTTOM OF THE 2ND
D.C. Divided batting - Pitching for Phoenix Hotspur : LHP Wes Hamm
Batting: RHB Mario Castillo 0-0: Ball
1-0: Ground out 6-3 (Groundball, 6M)
Batting: RHB Tony Romero 0-0: Called Strike
0-1: Ball
1-1: SINGLE (Groundball, 4S) (infield hit)
Batting: RHB Wilfred McLaughlin 0-0: Called Strike
0-1: Ball
1-1: Grounds into double play, 5-4-3 (Groundball, 56)
Bottom of the 2nd over - 0 runs, 1 hit, 0 errors, 0 left on base; Phoenix 0 - D.C. 0
TOP OF THE 3RD
Phoenix Hotspur batting - Pitching for D.C. Divided : LHP Bill Oulton
Batting: RHB Alfredo Pizarro 0-0: Called Strike
0-1: Called Strike
0-2: Strikes out swinging
Batting: RHB Kyle Bywaters 0-0: Ball
1-0: Ball
2-0: Ball
3-0: Swinging Strike
3-1: Base on Balls
Batting: LHB Francisco García 0-0: Ball
1-0: Called Strike
1-1: Ball
Kyle Bywaters steals 2nd base
2-1: Ground out 6-3 (Groundball, 6)
Kyle Bywaters to third
Batting: RHB Randy Rehling 0-0: Ball
1-0: Swinging Strike
1-1: Fly out, F8 (Flyball, 89M)
Top of the 3rd over - 0 runs, 0 hits, 0 errors, 1 left on base; Phoenix 0 - D.C. 0
BOTTOM OF THE 3RD
D.C. Divided batting - Pitching for Phoenix Hotspur : LHP Wes Hamm
Batting: LHB Elmer Hudgins 0-0: Called Strike
0-1: Foul Ball, location: 2F
0-2: Foul Ball, location: 2F
0-2: SINGLE (Line Drive, 78S)
Batting: RHB Nick Boyd 0-0: Called Strike
Elmer Hudgins steals 2nd base
0-1: Ball
1-1: Foul Ball, location: 2F
1-2: Ball
2-2: Foul Ball, location: 2F
2-2: Fly out, F9 (Flyball, 9LM)
Batting: RHB Roberto Maestas 0-0: Ball
1-0: SINGLE (Line Drive, 6D)
Elmer Hudgins to third
Runner from 3rd tries for Home, SAFE, no throw
Batting: RHB Arturo Rodríguez 0-0: Ball
1-0: Called Strike
1-1: Ball
2-1: Ball
3-1: Base on Balls
Roberto Maestas to second
Batting: RHB Wilbur Davis 0-0: Called Strike
Throwing error on steal attempt, E2
Roberto Maestas scores
Arturo Rodríguez to third
0-1: Swinging Strike
0-2: Strikes out swinging
Batting: LHB Obidiah Lewis 0-0: Ball
1-0: Ball
2-0: Ground out 4-3 (Groundball, 4)
Bottom of the 3rd over - 2 runs, 2 hits, 1 error, 1 left on base; Phoenix 0 - D.C. 2
TOP OF THE 4TH
Phoenix Hotspur batting - Pitching for D.C. Divided : LHP Bill Oulton
Batting: LHB Tadayoshi Watanabe 0-0: Called Strike
0-1: Foul Ball, location: 2F
0-2: Ball
1-2: Ball
2-2: Strikes out swinging
Batting: LHB Harumi Takaki 0-0: Ball
1-0: Ball
2-0: Ground out 4-3 (Groundball, 4)
Batting: RHB Roland Deschain 0-0: Foul Ball, location: 2F
0-1: Ball
1-1: Fly out, F8 (Line Drive, 89M)
Top of the 4th over - 0 runs, 0 hits, 0 errors, 0 left on base; Phoenix 0 - D.C. 2
BOTTOM OF THE 4TH
D.C. Divided batting - Pitching for Phoenix Hotspur : LHP Wes Hamm
Batting: RHB Mario Castillo 0-0: Called Strike
0-1: Ball
1-1: Foul Ball, location: 2F
1-2: Strikes out swinging
Batting: RHB Tony Romero 0-0: Called Strike
0-1: Ball
1-1: Ball
2-1: Swinging Strike
2-2: Ball
3-2: Foul Ball, location: 2F
3-2: Strikes out swinging
Batting: RHB Wilfred McLaughlin 0-0: Swinging Strike
0-1: Fly out, F7 (Flyball, 7D)
Bottom of the 4th over - 0 runs, 0 hits, 0 errors, 0 left on base; Phoenix 0 - D.C. 2
TOP OF THE 5TH
Phoenix Hotspur batting - Pitching for D.C. Divided : LHP Bill Oulton
Batting: LHB Wagaw Lukongolo 0-0: Foul Ball, location: 2F
0-1: Called Strike
0-2: Ball
1-2: Ball
2-2: Strikes out swinging
Batting: RHB Julián De Paz 0-0: Ball
1-0: Called Strike
1-1: Ball
2-1: Ball
3-1: Swinging Strike
3-2: Ground out 5-3 (Groundball, 5S)
Batting: RHB Alfredo Pizarro 0-0: Foul Ball, location: 2F
0-1: Ball
1-1: Swinging Strike
1-2: Ball
2-2: Fly out, F8 (Flyball, 8LM)
Top of the 5th over - 0 runs, 0 hits, 0 errors, 0 left on base; Phoenix 0 - D.C. 2
BOTTOM OF THE 5TH
D.C. Divided batting - Pitching for Phoenix Hotspur : LHP Wes Hamm
Batting: LHB Elmer Hudgins 0-0: Ground out 6-3 (Groundball, 6)
Batting: RHB Nick Boyd 0-0: Ball
1-0: Swinging Strike
1-1: Called Strike
1-2: Ball
2-2: Ball
3-2: Foul Ball, location: 2F
3-2: SINGLE (Groundball, 15S) (infield hit)
Batting: RHB Roberto Maestas 0-0: Ball
1-0: SINGLE (Line Drive, 78S)
Nick Boyd to second
Batting: RHB Arturo Rodríguez 0-0: Ball
1-0: Foul Ball, location: 2F
1-1: Foul Ball, location: 2F
1-2: 3-RUN HOME RUN (Flyball, 7LD), Distance : 353 ft
Batting: RHB Wilbur Davis 0-0: Fly out, F6 (Popup, 6MS)
Batting: LHB Obidiah Lewis 0-0: Ball
1-0: Called Strike
1-1: Called Strike
1-2: Foul Ball, location: 2F
1-2: Fly out, F3 (Line Drive, 3)
Bottom of the 5th over - 3 runs, 3 hits, 0 errors, 0 left on base; Phoenix 0 - D.C. 5
TOP OF THE 6TH
Phoenix Hotspur batting - Pitching for D.C. Divided : LHP Bill Oulton
Batting: RHB Kyle Bywaters 0-0: Ball
1-0: SINGLE (Line Drive, 34)
Batting: LHB Francisco García 0-0: Called Strike
0-1: Called Strike
0-2: Ball
1-2: Ground out U3 (Groundball, 2R)
Kyle Bywaters to second
Batting: RHB Randy Rehling 0-0: Ball
1-0: Fly out, F7 (Flyball, 78S)
Batting: LHB Tadayoshi Watanabe 0-0: Ball
1-0: SINGLE (Groundball, 4MD)
Kyle Bywaters to third
Runner from 3rd tries for Home, SAFE, throw made home
Batting: LHB Harumi Takaki 0-0: Ball
1-0: Swinging Strike
1-1: Foul Ball, location: 2F
1-2: Ground out 4-3 (Groundball, 4)
Top of the 6th over - 1 run, 2 hits, 0 errors, 1 left on base; Phoenix 1 - D.C. 5
BOTTOM OF THE 6TH
D.C. Divided batting - Pitching for Phoenix Hotspur : LHP Wes Hamm
Batting: RHB Mario Castillo 0-0: Foul Ball, location: 2F
0-1: Ball
1-1: Fly out, F9 (Line Drive, 9S)
Batting: RHB Tony Romero 0-0: Fly out, F7 (Line Drive, 7LM)
Batting: RHB Wilfred McLaughlin 0-0: Ball
1-0: Foul Ball, location: 2F
1-1: Swinging Strike
1-2: Ground out 6-3 (Groundball, 6)
Bottom of the 6th over - 0 runs, 0 hits, 0 errors, 0 left on base; Phoenix 1 - D.C. 5
TOP OF THE 7TH
Phoenix Hotspur batting - Pitching for D.C. Divided : LHP Bill Oulton
Batting: RHB Roland Deschain 0-0: Called Strike
0-1: Ball
1-1: Ground out 6-3 (Groundball, 6)
Batting: LHB Wagaw Lukongolo 0-0: Ball
1-0: Swinging Strike
1-1: Foul Ball, location: 2F
1-2: Strikes out swinging
Batting: RHB Julián De Paz 0-0: Ball
1-0: Ball
2-0: Ball
3-0: Called Strike
3-1: Foul Ball, location: 2F
3-2: Foul Ball, location: 2F
3-2: Ground out 6-3 (Groundball, 6)
Top of the 7th over - 0 runs, 0 hits, 0 errors, 0 left on base; Phoenix 1 - D.C. 5
BOTTOM OF THE 7TH
D.C. Divided batting - Pitching for Phoenix Hotspur : LHP Wes Hamm
Batting: LHB Elmer Hudgins 0-0: Ball
1-0: Called Strike
1-1: Swinging Strike
1-2: Ball
2-2: Ball
3-2: Ground out 4-3 (Groundball, 4M)
Batting: RHB Nick Boyd 0-0: Ground out U3 (Groundball, 34)
Batting: RHB Roberto Maestas 0-0: Ground out 4-3 (Groundball, 4)
Bottom of the 7th over - 0 runs, 0 hits, 0 errors, 0 left on base; Phoenix 1 - D.C. 5
TOP OF THE 8TH
Phoenix Hotspur batting - Pitching for D.C. Divided : LHP Bill Oulton
Batting: RHB Alfredo Pizarro 0-0: Ground out 5-3 (Groundball, 5)
Batting: RHB Kyle Bywaters 0-0: Foul Ball, location: 2F
0-1: Ground out 1-3 (Groundball, 13S)
Batting: LHB Francisco García 0-0: Called Strike
0-1: Ground out 4-3 (Groundball, 4)
Top of the 8th over - 0 runs, 0 hits, 0 errors, 0 left on base; Phoenix 1 - D.C. 5
BOTTOM OF THE 8TH
D.C. Divided batting - Pitching for Phoenix Hotspur : LHP Wes Hamm
Batting: RHB Arturo Rodríguez 0-0: Foul Ball, location: 2F
0-1: Ball
1-1: Ground out 1-3 (Groundball, 15S)
Batting: RHB Wilbur Davis 0-0: Ball
1-0: Ball
2-0: Ball
3-0: Called Strike
3-1: Swinging Strike
3-2: Strikes out looking
Batting: LHB Obidiah Lewis 0-0: Called Strike
0-1: Ball
1-1: Ball
2-1: Swinging Strike
2-2: Ball
3-2: SINGLE (Line Drive, 5D)
Batting: RHB Mario Castillo 0-0: Called Strike
0-1: Swinging Strike
0-2: Ball
1-2: Foul Ball, location: 2F
1-2: Ball
2-2: Ball
3-2: Strikes out swinging
Bottom of the 8th over - 0 runs, 1 hit, 0 errors, 1 left on base; Phoenix 1 - D.C. 5
TOP OF THE 9TH
Phoenix Hotspur batting - Pitching for D.C. Divided : LHP Bill Oulton
Batting: RHB Randy Rehling 0-0: Called Strike
0-1: Ball
1-1: Ball
2-1: Called Strike
2-2: Ball
3-2: DOUBLE (Flyball, 8LXD)
Batting: LHB Tadayoshi Watanabe 0-0: Ball
1-0: Called Strike
1-1: Ball
2-1: Ball
3-1: SINGLE (Groundball, 34D)
Randy Rehling to third
Pitching: RHP Gavin Blackburn
Batting: LHB Harumi Takaki 0-0: Swinging Strike
0-1: Ball
1-1: Ball
2-1: Swinging Strike
2-2: Grounds into double play, 4-6-3 (Groundball, 4)
Randy Rehling scores
Batting: RHB Roland Deschain 0-0: Ground out 6-3 (Groundball, 6)
Top of the 9th over - 1 run, 2 hits, 0 errors, 0 left on base; Phoenix 2 - D.C. 5
Tuesday, June 12th, 2018 - OOTP Baseball 18.8 Build 76